Map: Central Protocol

Players

Soundwave - Winner!

  • Race: Zerg Zerg

чешипузик

  • Race: Protoss Protoss
  • League: Bronze

VOD

Have the link to the VOD?

Description

Time

  • Played on: Nov. 17, 2015, 4:35 p.m.
  • Length: 4:35
Show
View Real Time Build Order
Export as new Build Order

Soundwave Zerg - Winner!

Build Orders: Hatch First 

Get SALT Encoding   

  12  0:01  Drone  
  13  0:10  Drone  
  14  0:18  Drone, Extractor  
  15  0:48  Hatchery, Drone, Extractor  
  15  1:01  Spawning Pool  
  14  1:06  Overlord  
  14  1:23  Extractor  
  14  1:24  Drone  
  14  1:25  Drone x2  
  16  1:35  Drone  
  17  1:56  Drone  
  17  1:57  Queen  
  17  1:59  Queen  
  22  2:02  Drone x2  
  22  2:08  Zergling x2  
  25  2:16  Drone  
  26  2:22  Metabolic Boost  
  26  2:33  Drone x2  
  26  2:35  Overlord  
  26  2:37  Overlord  
  28  2:47  Spine Crawler  
  27  2:53  Queen  
  27  2:56  Drone  
  27  2:57  Drone  
  31  3:11  Drone x2  
  31  3:12  Drone x2  
  35  3:29  Zergling x4  
  35  3:30  Zergling x10  
  41  4:03  Zergling x2  
  41  4:04  Zergling x4  
  41  4:06  Overlord x2  
  43  4:15  Overlord x2  
Show
View Real Time Build Order
Export as new Build Order

чешипузик Protoss 

Build Orders:  

Get SALT Encoding   

  12  0:03  Probe (Chrono Boost)  
  14  0:14  Probe (Chrono Boost)  
  14  0:24  Probe (Chrono Boost)  
  14  0:25  Pylon  
  15  0:43  Probe (Chrono Boost)  
  16  0:53  Probe (Chrono Boost), Pylon  
  18  1:04  Probe (Chrono Boost)  
  18  1:16  Gateway  
  18  1:21  Gateway  
  18  1:25  Gateway  
  18  1:28  Gateway  
  18  1:34  Pylon  
  18  1:46  Assimilator  
  18  1:52  Probe (Chrono Boost)  
  19  1:54  Assimilator  
  19  2:00  Pylon  
  19  2:03  Probe (Chrono Boost)  
  20  2:13  Probe (Chrono Boost)  
  21  2:27  Zealot x2  
  21  2:28  Zealot x2  
  29  2:37  Probe (Chrono Boost)  
  30  2:44  Cybernetics Core  
  30  2:48  Probe (Chrono Boost)  
  31  2:59  Probe (Chrono Boost)  
  32  3:08  Zealot x3  
  37  3:15  Zealot  
  33  3:52  Stalker x2 (Chrono Boost)  
  33  3:53  Stalker (Chrono Boost)  
Tags
 
League
Bronze
Matchup
PvZ
Replay Pack
First Pack
Add a new tag
Caveats
  • Supply blocks, unpowered buildings, or Contaminate may cause inaccurate times.
  • Supply counts are checked every 10 seconds.